 Dungeon Crawl Stone Soup version 0.26.0-45-g9c1d065592 (webtiles) character file.

Game seed: 10132338033901943171

38 growler the Insei (level 3, -3/26 HPs)
             Began as a Merfolk Transmuter on Jan 31, 2021.
             Killed from afar by Sigmund (5 damage)
             ... with a magic dart
             ... on level 2 of the Dungeon.
             The game lasted 00:04:24 (1317 turns).

growler the Insei (Merfolk Transmuter)              Turns: 1317, Time: 00:04:25

Health: -3/26      AC:  2    Str: 11    XL:     3   Next: 43%
Magic:  5/6        EV: 13    Int: 12    God:
Gold:   75         SH:  0    Dex: 14    Spells: 1/7 levels left

rFire    . . .     SeeInvis .     - Unarmed
rCold    . . .     Faith    .   (no shield)
rNeg     . . .     Spirit   .   a - +0 robe
rPois    .         Reflect  .   (no helmet)
rElec    .         Harm     .   (no cloak)
rCorr    .         Rampage  .   (no gloves)
Will     +....                  (no boots)
Stlth    +.........             (no amulet)
HPRegen  0.08/turn              f - ring of willpower
MPRegen  0.10/turn              (no ring)

@: no status effects
A: change form in water, swift swim, stealthy swim
a: no special abilities


You were on level 2 of the Dungeon.
You visited 1 branch of the dungeon, and saw 2 of its levels.

You collected 75 gold pieces.

Inventory:

Armour
 a - a +0 robe (worn)
Jewellery
 f - a ring of willpower (left hand)
   (You found it on level 1 of the Dungeon)
Scrolls
 b - a scroll of amnesia {unknown}
 c - a scroll of fear {unknown}
 g - a scroll of remove curse {unknown}
 j - a scroll of fog {unknown}
Potions
 d - a potion of mutation {unknown}
 e - 2 potions of heal wounds {unknown}
 h - a potion of attraction {unknown}
 i - a potion of magic {unknown}


   Skills:
 - Level 1.1 Fighting
 - Level 2.6 Dodging
 + Level 3.8 Unarmed Combat
 + Level 2.5 Spellcasting
 + Level 3.6 Transmutations
 + Level 0.2 Poison Magic


You had one spell level left.
You knew the following spells:

 Your Spells              Type           Power        Failure   Level
a - Beastly Appendage     Tmut           20%          6%          1
b - Wereblood             Tmut           10%          9%          2
x - Spider Form           Tmut/Pois      3%           34%         3

Your spell library contained the following spells:

 Spells                   Type           Power        Failure   Level
 Ice Form                 Ice/Tmut       5%           77%         4
 Blade Hands              Tmut           5%           86%         5


Dungeon Overview and Level Annotations

Branches:
Dungeon (2/15)

Altars:

Annotations:
D:2 Sigmund


Message History

No target in view!
No target in view!
No target in view!
No target in view!
f - a ring of willpower (left hand) Unknown command.
You see here a dart slug corpse.
Sigmund the Dreaded comes into view.
He is wielding a +0 scythe.
Sigmund shouts!
You hear a shout!
A hobgoblin comes into view. It is wielding a +0 club.
You hear an angry hiss.
Found 2 orange potions.
You see here a dart slug corpse.
Sigmund gestures at you while chanting. The puff of flame hits you.
Sigmund says, "Now you see me, now you don't..."
Things that are here:
4 stones; an uncursed ring of magical power; a kobold corpse The spell is extremely dangerous to cast (34% risk of failure)!
Continue anyway?
You turn into a venomous arachnid creature.
Your +0 robe melds into your body.
You hit the hobgoblin.
The hobgoblin is poisoned.
You bite the hobgoblin!
You kill the hobgoblin!
You hit Sigmund but do no damage.
Sigmund is poisoned.
Sigmund hits you with a +0 scythe.
You bite Sigmund! You hit Sigmund. Sigmund hits you but does no damage.
You hit Sigmund.
Your transformation is almost over.
Sigmund closely misses you.
You hit Sigmund. You barely miss Sigmund. Sigmund casts a spell at you.
The puff of flame hits you!
* * * LOW HITPOINT WARNING * * *
You closely miss Sigmund.
Sigmund gestures at himself while chanting.
Sigmund flickers and vanishes!
Deactivating autopickup; reactivate with Ctrl-A.
You hear some strange, mumbled words.
Something tries to affect you, but you resist.
A magic dart appears from out of thin air!
The magic dart hits you!
* * * LOW HITPOINT WARNING * * *
Your transformation has ended.
Your +0 robe unmelds from your body.
A magic dart appears from out of thin air!
The magic dart hits you.
You die...

### #.##..## #
#.###..## # #.#
##..## . #.# ##..#
. #.# ##{###### ..
#.# ##......## .!
##........## ###
#..........#
#@.........#
#..........#
#..........#
##.###<.........#
#..............##
....###..........#
.# #..........#
#..........#
#..........#


There were no monsters in sight!

Vanquished Creatures
  3 dart slugs
  5 bats (D:1)
  2 giant cockroaches (D:1)
  A goblin (D:1)
  7 hobgoblins
  2 ball pythons (D:1)
  3 frilled lizards (D:1)
  4 kobolds
  3 rats (D:1)
30 creatures vanquished.

Notes
Turn   | Place    | Note
-------+----------+-------------------------------------------
     0 | D:1      | growler the Merfolk Transmuter began the quest for the Orb.
     0 | D:1      | Reached XP level 1. HP: 15/15 MP: 3/3
   145 | D:1      | Reached XP level 2. HP: 11/21 MP: 3/5
   152 | D:1      | Learned a level 2 spell: Wereblood
   548 | D:1      | Reached XP level 3. HP: 4/26 MP: 4/6
  1001 | D:1      | Learned a level 3 spell: Spider Form
  1278 | D:2      | Noticed Sigmund
  1309 | D:2      | HP: 1/26 [something/magic dart (8)]
  1317 | D:2      | Killed from afar by Sigmund

Illustrated notes

Levels and vault maps discovered:
D:1:      scummos_arrival_simple_crosswalls, layout_loops_ring,
          minmay_nonomino_d4
D:2:      layout_rooms, nzn_wu_jian_contemplation, uniq_sigmund

Skill      XL: |  1 |
---------------+----+-----
Transmutations | 3 |  3.6
Fighting       | |  1.1
Dodging        | |  2.6
Unarmed Combat | |  3.8
Spellcasting   | |  2.5
Poison Magic   | |  0.2

Action                   || total
-------------------------++-------
Melee: Unarmed           ||   106
       Headbutt          ||    16
       Punch             ||     1
 Cast: Beastly Appendage ||     9
       Spider Form       ||     1
 Stab: Sleeping          ||     1
Armor: Robe              ||    12
       Skin              ||     1
Dodge: Dodged            ||    81
